 Dungeon Crawl Stone Soup version 0.31-a0-175-g9f7f995f2b (webtiles) character file.

Game seed: 396770696866620215

142 qw the Shooter (level 5, 0/32 HPs)
             Began as a Gargoyle Hunter on June 17, 2023.
             Slain by an orc
             ... wielding a +0 hand axe of electrocution
              (3 damage)
             ... on level 3 of the Dungeon.
             The game lasted 00:00:49 (2179 turns).

qw the Shooter (Gargoyle Hunter)                    Turns: 2179, Time: 00:00:50

Health: 0/32       AC:  8    Str: 14    XL:     5   Next: 24%
Magic:  5/5        EV: 11    Int: 10    God:
Gold:   60         SH:  0    Dex: 15    Spells: 4/4 levels left

rFire   . . .        Y - +0 shortbow
rCold   + . .        (shield currently unavailable)
rNeg    + . .        c - +0 leather armour
rPois   inf          (no helmet)
rElec   +            (no cloak)
rCorr   .            (no gloves)
SInv    .            d - +0 pair of boots
Will    .....        (no amulet)
Stlth   ++           h - ring of protection from cold
HPRegen 0.25/turn    (no ring)
MPRegen 0.09/turn

%: no passive effects
@: no status effects
A: sickness immunity, AC +4, negative energy resistance 1, electricity
resistance, torment resistance 1, petrification resistance
a: no special abilities


You were on level 3 of the Dungeon.
You visited 1 branch of the dungeon, and saw 3 of its levels.

You collected 60 gold pieces.


Innate Abilities, Weirdness & Mutations

You are immune to sickness and miasma.
Your stone body is resilient. (AC +4)
You are immune to poison.
You resist negative energy. (rN+)
You are resistant to electric shocks. (rElec)
You are resistant to unholy torment.
You are immune to petrification.


   Skills:
 - Level 3.0 Fighting
 - Level 6.0 Ranged Weapons
 + Level 0.9 Armour
 - Level 1.5 Dodging
 - Level 1.1 Stealth


You had 4 spell levels left.
You didn't know any spells.
Your spell library was empty.

Inventory:

Hand Weapons
 Y - a +0 shortbow (weapon)
Armour
 c - a +0 leather armour (worn)
 d - a +0 pair of boots (worn)
Jewellery
 h - a ring of protection from cold (left hand)
Scrolls
 f - a scroll of identify
Potions
 b - a potion of magic {unknown}
 i - a potion of enlightenment {unknown}
 j - a potion of mutation {unknown}

Dungeon Overview and Level Annotations

Branches:
Dungeon (3/15)

Altars:

Shops:
D:1 !

Annotations:
D:3 Robin


Message History

You shoot an arrow.
The arrow hits the orc wizard but does no damage.
The orc wizard is almost dead.
The orc closely misses you. The orc hits you but does no damage.
The orc wizard gestures at you while chanting.
You resist with some effort.
You shoot an arrow. The arrow barely misses the orc wizard.
The orc hits you with a +0 war axe. The orc hits you but does no damage.
The orc wizard points at you and mumbles some strange words.
You are confused.
2174 ||| DRINKING potion of curing.
You feel better.
2174 ||| (to cure confusion)
The orc closely misses you.
The orc hits you with a +0 short sword of protection.
The frilled lizard unfolds its giant frill.
The orc wizard hits you but does no damage.
You shoot an arrow. The arrow hits the orc wizard.
The orc wizard is almost dead.
The orc hits you with a +0 war axe.
The orc hits you with a +0 short sword of protection.
The orc wizard mumbles some strange words.
The orc wizard flickers and vanishes!
Deactivating autopickup; reactivate with Ctrl-A.
You shoot an arrow. The arrow hits the orc!
You kill the orc!
The orc hits you with a +0 short sword of protection.
Something hits you but does no damage.
You shoot an arrow. The arrow closely misses the orc.
The arrow hits the orc.
The orc is moderately wounded.
You hear some strange, mumbled words.
A magic dart appears from out of thin air!
The magic dart hits you.
You shoot an arrow. The arrow hits the orc.
The orc is moderately wounded.
The orc closely misses you. Something hits you but does no damage.
You shoot an arrow.
The arrow hits the orc but does no damage.
The orc is moderately wounded.
The orc hits you with a +0 hand axe of electrocution.
You die...

#.# #.# #.#
#.# #)# #l#
#####o######
#...{@o....#
#..........#
#..........#
#..........#
#.%........#
#..........#
#..........#
#..........#
#..........#


You could see 2 orcs and a frilled lizard.

Vanquished Creatures
  A jelly (D:2)
  5 adders (D:2)
  A dart slug (D:3)
  3 orcs (D:3)
  4 bats
  An endoplasm (D:1)
  5 giant cockroaches
  16 goblins
  4 hobgoblins
  A quokka (D:2)
  7 ball pythons
  3 frilled lizards
  6 kobolds
  5 rats
62 creatures vanquished.

Notes
Turn   | Place    | Note
-------+----------+-------------------------------------------
     0 | D:1      | qw the Gargoyle Hunter began the quest for the Orb.
     0 | D:1      | Reached XP level 1. HP: 12/12 MP: 1/1
     0 | D:1      | 0 ||| qw: Version: 0.3-a-2-g5ab2908
     0 | D:1      | 0 ||| qw: Game counter: 234
     0 | D:1      | 0 ||| qw: Always use a shield: true
     0 | D:1      | 0 ||| qw: God list: Okawaru
     0 | D:1      | 0 ||| qw: Allow faded altars: false
     0 | D:1      | 0 ||| qw: Do Orc after D:15 true
     0 | D:1      | 0 ||| qw: Do second Lair branch before Depths: true
     0 | D:1      | 0 ||| qw: Lair rune preference: random
     0 | D:1      | 0 ||| qw: Plans: Normal, Zot:1-4, Slime:5, God:TSO, Crypt,
                  | Tomb, Abyss, Pan, Hells, Win
     0 | D:1      | 0 ||| PLANNING D:1-11
   120 | D:1      | Found Vyarr's Distillery.
   130 | D:1      | 130 ||| SHOPLISTING potion of attraction (42 gold, have
                  | 27).
   130 | D:1      | 130 ||| SHOPLISTING potion of curing (42 gold, have 27).
   130 | D:1      | 130 ||| SHOPLISTING potion of haste (140 gold, have 27).
   130 | D:1      | 130 ||| SHOPLISTING potion of heal wounds (70 gold, have
                  | 27).
   130 | D:1      | 130 ||| SHOPLISTING potion of might (56 gold, have 27).
   220 | D:1      | Reached XP level 2. HP: 17/17 MP: 2/2
   920 | D:1      | 920 ||| DROPPING ring of flight.
   921 | D:1      | 921 ||| UPGRADING to ring of protection from cold.
   922 | D:1      | 922 ||| READING 3 scrolls labelled FOXKUSYSHE.
   927 | D:1      | 927 ||| READING 3 scrolls labelled GOYLIU MEPRISH.
   928 | D:1      | 928 ||| READING scroll labelled FAXOYD LOMIDD.
  1029 | D:1      | 1029 ||| READING 2 scrolls of identify.
  1029 | D:1      | 1029 ||| IDENTIFYING smoky inky potion
  1030 | D:1      | 1030 ||| DROPPING scroll of butterflies.
  1161 | D:2      | Reached skill level 5 in Ranged Weapons
  1161 | D:2      | Reached XP level 3. HP: 21/21 MP: 3/3
  1243 | D:2      | Reached XP level 4. HP: 24/27 MP: 4/4
  1391 | D:2      | Reached skill level 3 in Fighting
  1608 | D:2      | Reached XP level 5. HP: 30/32 MP: 5/5
  2021 | D:2      | 2021 ||| UPGRADING to +0 pair of boots.
  2026 | D:2      | 2026 ||| READING scroll labelled QAGINE OCEIP.
  2040 | D:3      | Noticed Robin
  2047 | D:3      | Reached skill level 6 in Ranged Weapons
  2055 | D:3      | HP: 8/32 [Robin/+0 spear (4)]
  2056 | D:3      | 2056 ||| READING 2 scrolls of teleportation.
  2060 | D:3      | HP: 8/32 [dart slug (2)]
  2061 | D:3      | 2061 ||| READING scroll of teleportation.
  2173 | D:3      | HP: 7/32 [orc/+0 war axe (3)]
  2174 | D:3      | 2174 ||| DRINKING potion of curing.
  2174 | D:3      | 2174 ||| (to cure confusion)
  2177 | D:3      | HP: 3/32 [something/magic dart (3)]
  2179 | D:3      | Slain by an orc

Levels and vault maps discovered:
D:1:      lightli_arrival_flooded_house, layout_basic, serial_shops,
          nicolae_shop_industrial_runoff
D:2:      layout_basic, serial_aquarium, aquarium_bridge_straight
          [aquarium_subvault_bridge, aquarium_subvault_wall,
          aquarium_subvault_bridge, aquarium_subvault_window],
          aquarium_window_3, aquarium_window_1, aquarium_view_2f,
          aquarium_view_2f
D:3:      layout_basic, minmay_shallow_snake_nest, uniq_robin

Skill      XL: |  1  2  3  4  5 |
---------------+----------------+-----
Ranged Weapons | 5 6 |  6.0
Fighting       | 3 |  3.0
Armour         | |  0.9
Dodging        | |  1.5
Stealth        | |  1.1

Action                     |  1- 3 |  4- 6 || total
---------------------------+-------+-------++-------
   Fire: Shortbow          |    93 |   128 ||   221
    Use: Scroll            |     4 |     3 ||     7
         Potion            |       |     1 ||     1
 Armour: Leather armour    |    12 |    61 ||    73
  Dodge: Dodged            |    22 |    55 ||    77

Table legend:
 A = Non-vault XP
 B = Vault XP
 C = Vault XP percentage of total XP
 D = Non-vault monster count
 E = Vault monster count
 F = Vault count percentage of total count
                 A         B        C        D         E       F
            +---------+---------+-------+---------+---------+-------
      Total |     186 |      17 |   8.4 |      53 |       9 |  14.5
            +---------+---------+-------+---------+---------+-------
        D:1 |      29 |       0 |   0.0 |      20 |       0 |   0.0
        D:2 |     143 |       0 |   0.0 |      27 |       0 |   0.0
        D:3 |      14 |      17 |  54.8 |       6 |       9 |  60.0
            +---------+---------+-------+---------+---------+-------
